 Dungeon Crawl Stone Soup version 0.26.1-11-gd32895ea62 (webtiles) character file.

Game seed: 16244407553149159358

537 Zeld the Slasher (level 7, -15/50 HPs)
             Began as an Octopode Monk on May 18, 2021.
             Demolished by an ogre
             ... wielding a +0 giant spiked club
              (19 damage)
             ... on level 4 of the Dungeon.
             The game lasted 00:04:18 (4058 turns).

Zeld the Slasher (Octopode Monk)                    Turns: 4058, Time: 00:04:19

Health: -15/50     AC:  1    Str: 13    XL:     7   Next: 25%
Magic:  7/7        EV: 16    Int: 12    God:
Gold:   307        SH:  0    Dex: 14    Spells: 6/6 levels left

rFire    . . .     SeeInvis .   a - +0 falchion
rCold    . . .     Faith    .   (no shield)
rNeg     . . .     Spirit   .   (helmet restricted)
rPois    .         Reflect  .   (no amulet)
rElec    .         Harm     .   (no ring)
rCorr    .         Rampage  .   (no ring)
Will     .....                  (no ring)
Stlth    +++.......             (no ring)
HPRegen  0.16/turn              (no ring)
MPRegen  0.10/turn              (no ring)
                                (no ring)
                                (no ring)

@: no status effects
A: almost no armour, stealthy swim, amphibious, 8 rings, constrict 8, camouflage
1, gelatinous body 1
a: no special abilities


You were on level 4 of the Dungeon.
You visited 1 branch of the dungeon, and saw 6 of its levels.

You collected 307 gold pieces.

Inventory:

Hand Weapons
 a - a +0 falchion (weapon)
 q - a +1 falchion of electrocution
Scrolls
 e - 2 scrolls of amnesia {unknown}
 g - a scroll of fear {unknown}
 h - a scroll of enchant weapon {unknown}
 i - a scroll of remove curse {unknown}
 j - 4 scrolls of teleportation {unknown}
 l - 5 scrolls of identify {unknown}
 n - 2 scrolls of fog {unknown}
 p - 4 scrolls of magic mapping {unknown}
 r - a scroll of blinking {unknown}
 s - 3 scrolls of noise {unknown}
Potions
 b - a potion of ambrosia {unknown}
 c - 2 potions of curing {unknown}
 d - 4 potions of mutation {unknown}
 f - a potion of magic {unknown}
 k - 3 potions of heal wounds {unknown}
 m - 2 potions of lignification {unknown}
 o - a potion of resistance {unknown}


   Skills:
 * Level 5.2 Fighting
 * Level 5.2 Long Blades
 * Level 5.2 Dodging
 - Level 2.6 Stealth


You had 6 spell levels left.
You didn't know any spells.
Your spell library contained the following spells:

 Spells                   Type           Power        Failure   Level
 Corona                   Hex            0%           32%         1
 Ensorcelled Hibernation  Hex/Ice        0%           45%         2
 Confusing Touch          Hex            0%           69%         3
 Dazzling Flash           Conj/Hex       0%           69%         3
 Gell's Gravitas          Tloc           0%           69%         3
 Tukima's Dance           Hex            0%           69%         3
 Petrify                  Tmut/Erth      0%           97%         4
 Metabolic Englaciation   Hex/Ice        0%           100%        5
 Yara's Violent Unravell  Hex/Tmut       0%           100%        5


Dungeon Overview and Level Annotations

Branches:
Dungeon (6/15)
 Temple: D:4-7

Altars:
Okawaru
Ru
Sif Muna
Vehumet
Yredelemnul


Innate Abilities, Weirdness & Mutations

You cannot wear most types of armour.
You are very stealthy in the water. (Stealth+)
You are amphibious.
You can wear up to eight rings at the same time.
You can use your tentacles to constrict eight enemies at once.
Your skin changes colour to match your surroundings (Stealth+).
Your rubbery body absorbs attacks. (AC +1, EV +1)


Message History

The ogre completely misses you.
You hit the ogre.
The ogre is heavily wounded.
The ogre closely misses you.
You riposte.
You barely miss the ogre. Your squeeze misses the ogre.
The ogre is heavily wounded.
You hit the ogre.
The ogre is heavily wounded.
You barely miss the ogre.
The ogre is heavily wounded.
The ogre hits you with a +0 giant spiked club!!
* * * LOW HITPOINT WARNING * * *
You are too injured to fight recklessly!
Press: ? - help, v - describe, . - travel
Here: an ogre, wielding a +0 giant spiked club (heavily wounded)
The floor.
You hit the ogre.
The ogre is heavily wounded.
The ogre hits you with a +0 giant spiked club!!
You die...

#...#.###.........#
#.#...#...#.......#
#.#.####.##.......#
#........##.#########
##.########.#....[..####
#. ###......[...##.
#.######............##.
#.#....#............##.
#.#...@#....(.......##.
#.#...O#............##.
#.#....#............##.
#.#....#............##.
#.#....#####.###....##.
#.#.............######.
#.#............)# #.
#...............# ##
######.........)#######


You could see an ogre.

Vanquished Creatures
  A scorpion (D:4)
  A bullfrog zombie (D:6)
  5 orc wizards
  3 orc priests
  A hound (D:4)
  A bullfrog skeleton (D:4)
  An iguana (D:4)
  Terence (D:2)
  A gnoll (D:2)
  An adder (D:3)
  A shadow imp (D:5)
  An ooze (D:1)
  An adder skeleton (D:4)
  2 worms
  2 dart slugs
  4 leopard geckos
  10 orcs
  A ball python (D:1)
  A giant cockroach (D:1)
  9 goblins
  8 hobgoblins
  2 jackals (D:2)
  2 quokkas
  12 bats
  4 frilled lizards
  8 kobolds
  A quokka skeleton (D:5)
  5 rats
90 creatures vanquished.

Notes
Turn   | Place    | Note
-------+----------+-------------------------------------------
     0 | D:1      | Zeld the Octopode Monk began the quest for the Orb.
     0 | D:1      | Reached XP level 1. HP: 16/16 MP: 1/1
   161 | D:1      | Reached XP level 2. HP: 21/21 MP: 2/2
   260 | D:1      | Reached XP level 3. HP: 26/26 MP: 3/3
  1095 | D:2      | Noticed Terence
  1110 | D:2      | Killed Terence
  1111 | D:2      | Reached XP level 4. HP: 27/33 MP: 4/4
  1802 | D:3      | Reached XP level 5. HP: 23/37 MP: 5/5
  2032 | D:3      | You fall into a shaft and drop 3 floors!
  2032 | D:6      | Found a sacrificial altar of Ru.
  2032 | D:6      | Found an iron altar of Okawaru.
  2034 | D:6      | Found a shimmering blue altar of Sif Muna.
  2207 | D:5      | Entered Level 5 of the Dungeon
  2413 | D:4      | Reached XP level 6. HP: 44/44 MP: 6/6
  2436 | D:3      | Found a basalt altar of Yredelemnul.
  3347 | D:4      | Reached skill level 5 in Fighting
  3347 | D:4      | Reached skill level 5 in Long Blades
  3564 | D:4      | Found a radiant altar of Vehumet.
  3568 | D:4      | Reached skill level 5 in Dodging
  3568 | D:4      | Reached XP level 7. HP: 49/50 MP: 7/7
  4058 | D:4      | Demolished by an ogre

Illustrated notes

Levels and vault maps discovered:
D:1:      dpeg_arrival_tiny_c, layout_basic, roderic_lattice_a
D:2:      layout_basic, cheibrodos_gnoll_hut, uniq_terence
D:3:      minmay_thinvault, layout_basic, lemuel_doored_altar
D:4:      layout_basic, kennysheep_little_box
D:5:      layout_rooms, minmay_temple_entry_proselytizer, serial_shops, shop
D:6:      layout_loops_corners, overflow_temple_1_default,
          chequers_temple_overflow_statue_of_worship, chequers_avenue

Skill      XL: |  1  2  3  4  5  6 |
---------------+-------------------+-----
Fighting       | 4 5 |  5.2
Long Blades    | 4 5 |  5.2
Dodging        | 4 5 |  5.2
Stealth        | |  2.6

Action                   |  1- 3 |  4- 6 |  7- 9 || total
-------------------------+-------+-------+-------++-------
Melee: Falchion          |    60 |   107 |    27 ||   194
       Constrict         |    19 |    35 |     4 ||    58
       Tentacles         |    11 |    31 |     5 ||    47
 Stab: Sleeping          |    10 |    10 |       ||    20
Armor: Skin              |     3 |     8 |       ||    11
Dodge: Dodged            |    47 |    65 |    10 ||   122
       Rpst.: Falchion   |    20 |    18 |     2 ||    40
